 Dungeon Crawl Stone Soup version 0.29-a0-233-g1125b37a9b (webtiles) character file.

Game seed: 10557578748013303179

30 bande the Covered (level 3, -6/24 HPs)
             Began as a Gargoyle Fighter on Mar 2, 2022.
             Mangled by Sigmund
             ... wielding a +2 scythe of flaming
              (11 damage)
             ... on level 2 of the Dungeon.
             The game lasted 00:01:45 (1312 turns).

bande the Covered (Gargoyle Fighter)                Turns: 1312, Time: 00:01:46

Health: -6/24      AC: 10    Str: 19    XL:     3   Next: 20%
Magic:  3/3        EV:  9    Int:  8    God:
Gold:   33         SH:  0    Dex: 11    Spells: 2/2 levels left

rFire   . . .      SeeInvis .   a - +0 war axe
rCold   . . .      Faith    .   c - +0 buckler
rNeg    + . .      Spirit   .   b - +0 scale mail
rPois   ∞          Reflect  .   (no helmet)
rElec   +          Harm     .   (no cloak)
rCorr   .          Rampage  .   (no gloves)
Will    .....                   (no boots)
Stlth   ..........              (no amulet)
HPRegen 0.08/turn               (no ring)
MPRegen 0.08/turn               (no ring)

@: confused, mighty
A: sickness immunity, AC +3, negative energy resistance 1, electricity
resistance, torment resistance 1, petrification resistance
a: no special abilities


You were on level 2 of the Dungeon.
You visited 1 branch of the dungeon, and saw 2 of its levels.

You collected 33 gold pieces.

Inventory:

Hand Weapons
 a - a +0 war axe (weapon)
Armour
 b - a +0 scale mail (worn)
 c - a +0 buckler (worn)
Potions
 e - a potion of curing {unknown}
 f - 2 potions of heal wounds {unknown}
 h - a potion of mutation {unknown}


   Skills:
 + Level 3.6 Fighting
 + Level 2.3 Axes
 + Level 3.8 Armour
 + Level 3.4 Shields


You had 2 spell levels left.
You didn't know any spells.
Your spell library was empty.

Dungeon Overview and Level Annotations

Branches:
Dungeon (2/15)

Altars:

Annotations:
D:2 Sigmund


Innate Abilities, Weirdness & Mutations

You are immune to sickness and miasma.
Your stone body is resilient. (AC +3)
You are immune to poison.
You resist negative energy. (rN+)
You are resistant to electric shocks. (rElec)
You are resistant to unholy torment.
You are immune to petrification.


Message History

No target in view!
No target in view!
No target in view!
A bat comes into view.
A bat is nearby!
Sigmund the Dreaded comes into view.
He is wielding a +2 scythe of flaming.
You slash the bat!
You kill the bat!
Sigmund gestures wildly while chanting.
Sigmund flickers and vanishes!
Deactivating autopickup; reactivate with Ctrl-A.
No target in view!
No target in view!
No target in view!
No target in view!
No target in view!
No target in view!
No target in view!
No target in view!
Unknown command.
You hear some strange, mumbled words.
Something tries to affect you, but you resist.
You feel very mighty all of a sudden. Something hits you but does no damage.
You barely miss something.
You hear some strange, mumbled words.
Something tries to affect you, but you resist.
You barely miss something. Something hits you. Something burns you.
You miss something. Something hits you but does no damage.
You closely miss something. Something hits you but does no damage.
You barely miss something.
You hear some strange, mumbled words.
You are confused.
You bump into the rock wall.
Something hits you! Something burns you.
You miss something. Something hits you.
* * * LOW HITPOINT WARNING * * *
Something burns you.
* * * LOW HITPOINT WARNING * * *
You closely miss something. Something hits you!
You die...

#........
##........
.........#
#........#
#........#
#........# ###
#........# ## ..#
#.{......# ..
#.######@..######
#.##.......#####
...###.......#
#.###...+.......#
#....†.##.......#
######.##.......#
#..).........#
#.#.#.†......#
#.#..........#


There were no monsters in sight!

Vanquished Creatures
  An adder (D:2)
  3 endoplasms (D:1)
  2 giant cockroaches
  3 hobgoblins (D:1)
  A ball python (D:1)
  6 bats
  A frilled lizard (D:2)
  2 goblins (D:1)
  A kobold (D:1)
  2 rats
22 creatures vanquished.

Notes
Turn   | Place    | Note
-------+----------+-------------------------------------------
     0 | D:1      | bande the Gargoyle Fighter began the quest for the Orb.
     0 | D:1      | Reached XP level 1. HP: 14/14 MP: 1/1
   320 | D:1      | Reached XP level 2. HP: 19/19 MP: 2/2
   892 | D:1      | Found a faded altar of an unknown god.
  1165 | D:2      | Reached XP level 3. HP: 16/23 MP: 3/3
  1297 | D:2      | Noticed Sigmund
  1312 | D:2      | Mangled by Sigmund

Illustrated notes

Levels and vault maps discovered:
D:1:      dpeg_arrival_triangle_fractal, layout_basic,
          chequers_ecumenical_altar_lobes, minmay_pentomino_o2
D:2:      layout_basic, uniq_sigmund

Skill      XL: |  1 |
---------------+----+-----
Axes           | 2 |  2.3
Fighting       | |  3.6
Armour         | |  3.8
Shields        | |  3.4

Action                   || total
-------------------------++-------
Melee: War axe           ||    73
  Use: Scroll            ||     3
       Potion            ||     1
Armor: Scale mail        ||    42
Dodge: Dodged            ||    45
Block: Buckler           ||    19

Table legend: (Time is in decaauts)
 A = Elapsed time spent in this place.
 B = Non-inter-level travel time spent in this place.
 C = Inter-level travel time spent in this place.
 D = Time resting spent in this place.
 E = Time spent auto-exploring this place.
 F = Levels seen in this place.
 G = Mean time per level.
                   A        B        C        D        E       F      G
               +--------+--------+--------+--------+--------+-----+--------+
         Total |   1342 |   1342 |      0 |    190 |    956 |   2 |  671.0 |
       Dungeon |   1342 |   1342 |      0 |    190 |    956 |   2 |  671.0 |
               +--------+--------+--------+--------+--------+-----+--------+

Top non-repeatable levels by time:
     D:1: 1171 daAuts
     D:2: 171 daAuts
